 Dungeon Crawl Stone Soup version 0.28.0 (webtiles) character file.

Game seed: 1645728675482443045

184 browni3141 the Skirmisher (level 5, -1/70 HPs)
             Began as a Minotaur Berserker on Feb 10, 2022.
             Was a Believer of Trog.
             Killed from afar by an oklob sapling (20 damage)
             ... with a splash of acid
             ... on level 4 of the Dungeon.
             The game lasted 00:02:00 (3715 turns).

browni3141 the Skirmisher (Minotaur Berserker)      Turns: 3715, Time: 00:02:00

Health: -1/70      AC: 19    Str: 24    XL:     5   Next: 36%
Magic:  4/4        EV:  9    Int:  4    God:    Trog [**....]
Gold:   88         SH:  0    Dex:  9    Spells: 4/4 levels left

rFire   . . .      SeeInvis .   a - +0 hand axe
rCold   . . .      Faith    .   (no shield)
rNeg    . . .      Spirit   .   n - +18 Lear's hauberk
rPois   .          Reflect  .   (helmet currently unavailable)
rElec   .          Harm     .   (no cloak)
rCorr   .          Rampage  .   (gloves currently unavailable)
Will    .....                   (boots currently unavailable)
Stlth   ..........              (no amulet)
HPRegen 0.21/turn               (no ring)
MPRegen 0.09/turn               (no ring)

@: berserking, corroded, very quick
A: horns 2, retaliatory headbutt
a: Renounce Religion, Berserk, Trog's Hand


You were on level 4 of the Dungeon.
You worshipped Trog.
Trog was pleased with you.
You visited 1 branch of the dungeon, and saw 4 of its levels.

You collected 221 gold pieces.
You spent 133 gold pieces at shops.

Inventory:

Hand Weapons
 a - a +0 hand axe (weapon)
Armour
 b - a +0 animal skin
 n - the +18 Lear's hauberk (worn)
   (You found it on level 4 of the Dungeon)
Jewellery
 o - a ring of ice
Wands
 m - a wand of digging (3)
Scrolls
 e - 2 scrolls of identify {unknown}
 h - 2 scrolls of vulnerability {unknown}
 i - a scroll of blinking
 j - a scroll of fog
 k - a scroll of teleportation {unknown}
 q - 3 scrolls of fear {unknown}
Potions
 c - 2 potions of heal wounds {unknown}
 d - 2 potions of curing {unknown}
 f - a potion of lignification {unknown}
 g - a potion of degeneration {unknown}
 l - a potion of attraction {unknown}
 p - a potion of brilliance {unknown}
 r - a potion of mutation {unknown}
 s - a potion of haste {unknown}


   Skills:
 + Level 4.8 Fighting
 + Level 4.8 Axes
 + Level 4.0 Armour
 + Level 3.5 Dodging


You had 4 spell levels left.
You didn't know any spells.
Your spell library was empty.

Dungeon Overview and Level Annotations

Branches:
Dungeon (4/15)             Temple (0/1) D:4

Altars:

Shops:
D:2 *   D:3 ?

Annotations:
D:4 exclusion: oklob sapling


Innate Abilities, Weirdness & Mutations

You have a pair of horns on your head.
You reflexively headbutt those who attack you in melee.


Message History

You see here a +0 ring mail.
You hit the plant.
The plant begins to die.
You headbutt the plant!
The plant is lightly damaged.
You hit the plant.
The plant begins to die.
You hit the plant.
The plant begins to die.
You slash the plant!
The plant begins to die.
You slash the plant!
The plant begins to die.
You slash the plant! You punch the plant.
The plant is lightly damaged.
You hit the plant. You hit the plant but do no damage. You hit the plant. x2
You slash the plant!
The plant is lightly damaged.
You hit the plant. x2; You hit the plant but do no damage.
You hit the plant. You hit the plant.
The plant is lightly damaged.
You slash the plant! You hit the plant. x3
You hit the plant. You headbutt the plant!
The plant is moderately damaged.
You hit the plant. x2; You hit the plant but do no damage.
You hit the plant.
A nearby plant withers and dies. x5
The oklob sapling spits acid at you. The splash of acid hits you!
The acid corrodes you!
You hit the oklob sapling but do no damage.
You hit the plant.
The plant begins to die.
You hit the plant but do no damage. The oklob sapling spits acid at you.
The splash of acid hits you!!
* * * LOW HITPOINT WARNING * * *
The acid corrodes you!
You are too injured to fight recklessly!
You are too injured to fight recklessly!
You are too injured to fight recklessly!
You are too injured to fight recklessly!
You hit the oklob sapling but do no damage.
You headbutt the oklob sapling!
The oklob sapling is heavily damaged.
You hit the plant.
The plant begins to die.
You hit the plant but do no damage.
A red film seems to cover your vision as you go berserk!
You feel yourself moving faster!
You feel mighty! The oklob sapling spits acid at you.
The splash of acid hits you!!
You die...

........# #.#!#.# #.# #[#
#####.#.# #.#.#.# #.# #.# # #.#.#
#####.#.#.# #.# #.# # #.#.#
..P..P.P.# #.# #.# #####.#.#
#..PPPP!.###.# #.#
.>....#.######.PP..P....#.####.##
#######........P.>PPP...........#
#....#..........PP.P.....#######
##'##.#.........@PPP..#.#........
.................PP...#.##.####.#
..........[.........#.#.##.# #.#
.................$..# #.##.# #.#
.........##+#+#.##### #.##.# #.#
.........##.#..... #.##.# #.#
.......).##.###.#######.##.# #.#
.........##.............##.# #.#
##'##...........##########.# #.#


You could see an oklob sapling.

Vanquished Creatures
  A scorpion zombie (D:3)
  4 gnolls (D:2)
  5 adders
  An adder skeleton (D:4)
  2 worms
  3 dart slugs (D:1)
  An orc (D:3)
  3 bats (D:2)
  4 endoplasms
  2 giant cockroaches
  6 goblins
  4 hobgoblins
  10 kobolds
  5 quokkas
  2 ball pythons
  4 frilled lizards
  4 rats
61 creatures vanquished.

Vanquished Creatures (others)
  5 plants (D:4)
5 creatures vanquished.

Grand Total: 66 creatures vanquished

Notes
Turn   | Place    | Note
-------+----------+-------------------------------------------
     0 | D:1      | browni3141 the Minotaur Berserker began the quest for the
                  | Orb.
     0 | D:1      | Reached XP level 1. HP: 19/19 MP: 0/0
   283 | D:1      | Reached XP level 2. HP: 27/27 MP: 1/1
   367 | D:1      | Found a faded altar of an unknown god.
   866 | D:2      | Reached XP level 3. HP: 33/33 MP: 2/2
   872 | D:2      | Reached XP level 4. HP: 33/41 MP: 3/3
  1159 | D:2      | Reached ** piety under Trog
  1273 | D:2      | Found Naupemi's General Store.
  2112 | D:3      | Found Timopn's Magic Scroll Boutique.
  2139 | D:3      | Bought a scroll of blinking for 105 gold pieces
  2139 | D:3      | Bought a scroll of fog for 28 gold pieces
  2182 | D:3      | Reached XP level 5. HP: 40/47 MP: 4/4
  2775 | D:4      | Found a staircase to the Ecumenical Temple.
  2993 | D:4      | Found the +18 Lear's hauberk
  3715 | D:4      | Killed from afar by an oklob sapling

Illustrated notes

Levels and vault maps discovered:
D:1:      minmay_arrival_three_doors, layout_loops_ring,
          nicolae_ecumenical_lake_church
D:2:      minmay_recursive_quarters, layout_basic, serial_shops,
          nicolae_shop_behind_doors
D:3:      layout_rooms, serial_shops, shop_scrolls, nicolae_underground_beach
D:4:      layout_basic, minmay_temple_entry_oklob

Skill      XL: |  1  2  3  4  5 |
---------------+----------------+-----
Axes           | 4 |  4.8
Fighting       | 4 |  4.8
Armour         | 3 4 |  4.0
Dodging        | 3 |  3.5

Action                   |  1- 3 |  4- 6 || total
-------------------------+-------+-------++-------
Melee: Hand axe          |    48 |    90 ||   138
       Headbutt          |     6 |    14 ||    20
       Punch             |       |     3 ||     3
Invok: Berserk           |     1 |     3 ||     4
 Stab: Sleeping          |       |     1 ||     1
Armor: Animal skin       |     4 |    15 ||    19
Dodge: Dodged            |    27 |    67 ||    94
